 Dungeon Crawl Stone Soup version 0.28.0-62-gf88900778d (webtiles) character file.

Game seed: 14461655668295306225

159 Gumption the Sneak (level 5, 0/24 HPs)
             Began as a Spriggan Enchanter on Nov 17, 2023.
             Succumbed to a water moccasin's poison
             ... in a sewer.
             The game lasted 00:35:06 (5839 turns).

Gumption the Sneak (Spriggan Enchanter)             Turns: 5839, Time: 00:35:06

Health: 0/24       AC:  2    Str:  4    XL:     5   Next: 17%
Magic:  7/11       EV: 18    Int: 18    God:
Gold:   75         SH:  0    Dex: 16    Spells: 3/11 levels left

rFire   . . .      SeeInvis +   a - +1 dagger
rCold   . . .      Faith    .   (no shield)
rNeg    . . .      Spirit   .   b - +0 robe
rPois   .          Reflect  .   (helmet restricted)
rElec   .          Harm     .   (no cloak)
rCorr   .          Rampage  .   (gloves unavailable)
Will    .....                   (boots unavailable)
Stlth   +++.......              (no amulet)
HPRegen 0.08/turn               (no ring)
MPRegen 0.12/turn               (no ring)

@: lethally poisoned (0 -> -7), confusing by touch, very quick
A: very small, no large weapons, unfitting armour, see invisible, speed 3
a: no special abilities


You were in a sewer.
You visited 1 branch of the dungeon, and saw 4 of its levels.
You also visited: Sewer.

You collected 75 gold pieces.

Inventory:

Hand Weapons
 a - a +1 dagger (weapon)
Armour
 b - a +0 robe (worn)
Scrolls
 d - a scroll of teleportation
 f - a scroll of immolation
 g - a scroll of amnesia {unknown}
 i - a scroll of magic mapping {unknown}
 l - a scroll of blinking {unknown}
Potions
 c - a potion of invisibility
 e - a potion of attraction {unknown}
 j - a potion of heal wounds
 k - 2 potions of curing


   Skills:
 - Level 1.1 Short Blades
 + Level 3.7 Dodging
 + Level 5.3 Stealth
 + Level 3.5 Spellcasting
 * Level 5.0 Hexes
 * Level 1.7 Ice Magic


You had 3 spell levels left.
You knew the following spells:

 Your Spells              Type           Power      Damage    Failure   Level
a - Ensorcelled Hibernat  Hex/Ice        30%        N/A       6%          2
b - Confusing Touch       Hex            21%        N/A       6%          3
c - Dazzling Flash        Conj/Hex       24%        N/A       16%         3

Your spell library contained the following spells:

 Spells                   Type           Power      Damage    Failure   Level
 Tukima's Dance           Hex            21%        N/A       6%          3
 Poisonous Vapours        Pois/Air       6%         N/A       24%         2
 Ignite Poison            Fire/Tmut/Pois 3%         N/A       43%         3
 Fulminant Prism          Conj/Hex       6%         3d7       47%         4


Dungeon Overview and Level Annotations

Branches:
Dungeon (4/15)              Sewer (1/1)
 Temple: D:4-7

Altars:
Elyvilon
Wu Jian

Shops:
D:2 *


Innate Abilities, Weirdness & Mutations

You are very small and have problems with some larger weapons.
You are too small for most types of armour.
You have supernaturally acute eyesight. (SInv)
You cover ground extremely quickly. (Speed+++)


Message History

The water moccasin misses you.
You hit the water moccasin.
The water moccasin is lightly wounded.
The water moccasin barely misses you.
You see here a potion of haste.
Casting: Ensorcelled Hibernation (safe; 6% risk of failure)
Confirm with . or Enter, or press ? or * to list all spells.
The spell is quite dangerous to miscast (6% risk of failure)!
Continue anyway? [Y]es or [N]o only, please.
The spell is quite dangerous to miscast (6% risk of failure)!
Continue anyway?
Your hands begin to glow red.
The water moccasin bites you.
You are poisoned.
The water moccasin poisons you!
You miss the water moccasin.
You feel very sick. The water moccasin misses you.
You closely miss the water moccasin.
You feel sick. The water moccasin misses you.
You barely miss the water moccasin.
You feel very sick.
The water moccasin bites you but does no damage.
You barely miss the water moccasin.
You feel sick.
The water moccasin completely misses you.
The water moccasin misses you.
You miss the water moccasin.
You feel sick. The water moccasin bites you.
You are lethally poisoned!
The water moccasin poisons you!
You barely miss the water moccasin.
* * * LOW HITPOINT WARNING * * *
You feel very sick. The water moccasin misses you.
You barely miss the water moccasin.
* * * LOW HITPOINT WARNING * * *
You feel very sick. The water moccasin misses you. x2
You hit the water moccasin but do no damage.
* * * LOW HITPOINT WARNING * * *
You feel sick.
The water moccasin completely misses you.
You die...

##...## ##.## #.# #.#
#.# ####### #.#
##.....## #.#
#......$#
########.####.....$(#
#∩..†....@.S......!(#
#############.....$(#
#......$# ##.....##
#######


You could see a water moccasin.

Vanquished Creatures
  2 gnolls
  5 adders
  3 worms
  A dart slug (D:3)
  4 orcs
  7 ball pythons
  12 bats
  An endoplasm (D:1)
  4 giant cockroaches
  4 goblins
  10 hobgoblins
  3 jackals
  9 kobolds
  2 quokkas
  A frilled lizard (D:3)
  6 rats
74 creatures vanquished.

Vanquished Creatures (others)
  13 fungi (D:3)
13 creatures vanquished.

Grand Total: 87 creatures vanquished

Notes
Turn   | Place    | Note
-------+----------+-------------------------------------------
     0 | D:1      | Gumption the Spriggan Enchanter began the quest for the
                  | Orb.
     0 | D:1      | Reached XP level 1. HP: 9/9 MP: 5/5
   281 | D:1      | Found a faded altar of an unknown god.
   999 | D:1      | Reached XP level 2. HP: 4/13 MP: 6/6
  1005 | D:1      | Learned a level 2 spell: Ensorcelled Hibernation
  1598 | D:1      | Reached XP level 3. HP: 16/16 MP: 0/8
  1602 | D:1      | Learned a level 3 spell: Confusing Touch
  1606 | D:1      | Learned a level 3 spell: Dazzling Flash
  2599 | D:2      | Found Biaquqa's Assorted Antiques.
  3090 | D:2      | Reached skill level 1 in Ice Magic
  3096 | D:2      | Got Sif Muna's Reference Book on Envenoming and Curses
  3604 | D:2      | Reached XP level 4. HP: 21/21 MP: 6/9
  3730 | D:2      | Reached skill level 5 in Stealth
  4031 | D:3      | Found a white marble altar of Elyvilon.
  4074 | D:3      | Found an ornate altar of the Wu Jian Council.
  5563 | D:4      | Reached skill level 5 in Hexes
  5563 | D:4      | Reached XP level 5. HP: 16/24 MP: 8/11
  5601 | D:4      | Found a glowing drain.
  5620 | Sewer    | Entered a sewer
  5814 | Sewer    | Noticed a water moccasin
  5838 | Sewer    | HP: 1/24 [poisoned by a water moccasin]
  5839 | Sewer    | Succumbed to a water moccasin's poison

Illustrated notes

Levels and vault maps discovered:
D:1:      minmay_arrival_cross, layout_basic, basic_ecumenical_altar,
          minmay_pentomino_q2
D:2:      layout_basic, serial_shops, shop
D:3:      minmay_razor_zed, layout_loops_corners,
          mainiacjoe_overflow_catch_the_wave
D:4:      layout_loops_ring, cheibrodos_sewer_entry_bend, lightli_minifort
Sewer:    sewer_big_baddie

Skill      XL: |  1  2  3  4 |
---------------+-------------+-----
Hexes          | 4 5 |  5.0
Dodging        | 3 |  3.7
Spellcasting   | 3 |  3.5
Ice Magic      | 1 |  1.7
Stealth        | 5 |  5.3
Short Blades   | |  1.1

Action                   |  1- 3 |  4- 6 || total
-------------------------+-------+-------++-------
Melee: Dagger            |   107 |    81 ||   188
       Punch             |       |     1 ||     1
 Cast: Ensorcelled Hiber |    34 |    36 ||    70
       Confusing Touch   |       |     1 ||     1
  Use: Scroll            |       |     6 ||     6
 Stab: Sleeping          |    26 |    30 ||    56
Armor: Robe              |    20 |    10 ||    30
Dodge: Dodged            |    99 |    62 ||   161
